 Dungeon Crawl Stone Soup version 0.27.0-1-g7a089689b8 (webtiles) character file.

Game seed: 5230715355624477650

57 mhtbhm the Skirmisher (level 3, -1/49 HPs)
             Began as a Draconian Berserker on Aug 8, 2021.
             Was a Believer of Trog.
             Killed by divine providence
             ... invoked by an orc priest
              (14 damage)
             ... on level 3 of the Dungeon.
             The game lasted 00:01:29 (1691 turns).

mhtbhm the Skirmisher (Draconian Berserker)         Turns: 1691, Time: 00:01:30

Health: -1/49      AC:  6    Str: 20    XL:     3   Next: 73%
Magic:  3/3        EV: 12    Int:  7    God:    Trog [**....]
Gold:   103        SH:  0    Dex: 10    Spells: 2/2 levels left

rFire    . . .     SeeInvis .   a - +0 spear
rCold    . . .     Faith    .   (no shield)
rNeg     . . .     Spirit   .   (armour unavailable)
rPois    .         Reflect  .   (helmet restricted)
rElec    .         Harm     .   (no cloak)
rCorr    .         Rampage  .   (no gloves)
Will     .....                  g - +0 pair of boots
Stlth    ..........             (no amulet)
HPRegen  0.16/turn              (no ring)
MPRegen  0.08/turn              (no ring)

@: berserking, very quick
A: AC +5, unfitting armour, cold-blooded
a: Renounce Religion, Berserk, Trog's Hand


You were on level 3 of the Dungeon.
You worshipped Trog.
Trog was pleased with you.
You visited 1 branch of the dungeon, and saw 3 of its levels.

You collected 103 gold pieces.

Inventory:

Hand Weapons
 a - a +0 spear (weapon)
Armour
 g - a +0 pair of boots (worn)
Scrolls
 b - a scroll of enchant weapon {unknown}
 c - a scroll of amnesia {unknown}
 f - a scroll of teleportation
 l - a scroll of identify {unknown}
 m - 3 scrolls of noise {unknown}
Potions
 d - 4 potions of berserk rage {unknown}
 e - 5 potions of degeneration {unknown}
 h - a potion of curing {unknown}
 i - a potion of cancellation {unknown}
 j - a potion of lignification {unknown}
 k - 3 potions of haste {unknown}


   Skills:
 + Level 3.9 Fighting
 + Level 3.8 Polearms
 + Level 3.2 Dodging


You had 2 spell levels left.
You didn't know any spells.
Your spell library was empty.

Dungeon Overview and Level Annotations

Branches:
Dungeon (3/15)

Altars:
Okawaru


Innate Abilities, Weirdness & Mutations

Your plain brown scales are hard. (AC +5)
You cannot fit into any form of body armour.
You are cold-blooded and may be slowed by cold attacks.


Message History

The orc priest shouts!
You hit the orc but do no damage. You hit the orc but do no damage.
The orc priest looks satisfied for a moment.
The orc closely misses you.
You hit the orc but do no damage. The orc closely misses you.
You hit the orc priest.
Your tail-slap misses the orc priest.
The orc priest is moderately wounded.
The orc priest begins to cast a cantrip, but forgets the words!
The orc hits you with a +0 mace.
You hit the orc priest. You tail-slap the orc priest.
The orc priest is heavily wounded.
The orc priest invokes the aid of Beogh against you.
Beogh smites you! The orc hits you with a +0 mace.
You hit the orc priest but do no damage.
The orc priest is heavily wounded.
The orc priest barely misses you. The orc hits you with a +0 mace.
You are too injured to fight recklessly!
You are too injured to fight recklessly!
You are too injured to fight recklessly!
You are too injured to fight recklessly!
You are too injured to fight recklessly!
You are too injured to fight recklessly!
You are too injured to fight recklessly!
You are too injured to fight recklessly!
You are too injured to fight recklessly!
Unknown command.
A red film seems to cover your vision as you go berserk!
You feel yourself moving faster!
You feel mighty!
The orc priest casts a cantrip, but nothing happens.
The orc hits you with a +0 mace.
* * * LOW HITPOINT WARNING * * *
You closely miss the orc priest.
The orc priest is heavily wounded.
Unknown command.
You barely miss the orc priest.
The orc priest is heavily wounded.
The orc priest mumbles some strange prayers to Beogh against you.
Beogh smites you!
You die...

#.# #.#.♣.♣.#..#
#.# #..........#
#.# #.♣.♣.♣.♣..#
#.###...._.....##
#.....♣.♣.♣.♣...
####..........#
#..#.♣.♣.#.#
##.........#
#####@#####
.....ooo.......
###############


You could see an orc priest and 2 orcs.

Vanquished Creatures
  2 adders (D:2)
  5 ball pythons
  2 bats (D:2)
  4 endoplasms
  2 giant cockroaches
  3 goblins
  3 hobgoblins
  5 kobolds
  2 quokkas
  5 frilled lizards
  5 rats
38 creatures vanquished.

Notes
Turn   | Place    | Note
-------+----------+-------------------------------------------
     0 | D:1      | mhtbhm the Draconian Berserker began the quest for the Orb.
     0 | D:1      | Reached XP level 1. HP: 19/19 MP: 1/1
   195 | D:1      | Reached XP level 2. HP: 26/26 MP: 2/2
   759 | D:2      | Reached XP level 3. HP: 30/33 MP: 3/3
   896 | D:2      | Reached ** piety under Trog
  1565 | D:3      | Found a faded altar of an unknown god.
  1666 | D:3      | Found an iron altar of Okawaru.
  1691 | D:3      | Killed from afar by an orc priest

Illustrated notes

Levels and vault maps discovered:
D:1:      dpeg_arrival_lava_altar, layout_basic, hangedman_feature_mirror
D:2:      layout_basic, minmay_misc_feat_more_columns
D:3:      layout_basic, okawaru_trees_1, basic_ecumenical_altar

Skill      XL: |  1  2 |
---------------+-------+-----
Dodging        | 3 |  3.2
Fighting       | |  3.9
Polearms       | |  3.8

Action                   || total
-------------------------++-------
Melee: Spear             ||   117
       Tailslap          ||    11
Invok: Berserk           ||     1
  Use: Scroll            ||     1
 Stab: Sleeping          ||     2
Armor: Skin              ||    20
Dodge: Dodged            ||    49
